 Seeded DCSS version 0.30.0-5-g1a98f26d00 (webtiles) character file.

Game seed: 18007716519941398942 (custom seed)

4 drewk1942 the Firebug (level 1, -2/13 HPs)
             Began as a Gnoll Wanderer on May 10, 2023.
             Frozen to death by an endoplasm (5 damage)
             ... on level 1 of the Dungeon.
             The game lasted 00:00:21 (47 turns).

drewk1942 the Firebug (Gnoll Wanderer)                Turns: 47, Time: 00:00:22

Health: -2/13      AC:  2    Str: 12    XL:     1   Next: 60%
Magic:  3/4        EV: 12    Int: 12    God:
Gold:   9          SH:  0    Dex:  9    Spells: 4/5 levels left

rFire   . . .        a - +0 dagger
rCold   . . .        (no shield)
rNeg    . . .        d - +0 robe
rPois   .            (no helmet)
rElec   .            (no cloak)
rCorr   .            (no gloves)
SInv    .            (no boots)
Will    .....        (no amulet)
Stlth   +            (no ring)
HPRegen 0.22/turn    (no ring)
MPRegen 0.09/turn

%: no passive effects
@: no status effects
A: fangs 1, strong nose, distributed training
a: no special abilities


You were on level 1 of the Dungeon.
You visited 1 branch of the dungeon, and saw 1 of its levels.

You collected 9 gold pieces.

Inventory:

Hand Weapons
 a - a +0 dagger (weapon)
Missiles
 b - 6 boomerangs (quivered)
Armour
 d - a +0 robe (worn)
Jewellery
 g - an amulet of faith
Scrolls
 c - a scroll of silence
 e - a scroll of magic mapping {unknown}
Potions
 f - a potion of berserk rage {unknown}


   Skills:
 + Level 0.1 Fighting
 + Level 0.1 Short Blades
 + Level 0.1 Long Blades
 + Level 0.1 Axes
 + Level 0.1 Maces & Flails
 + Level 0.1 Polearms
 + Level 0.1 Staves
 + Level 0.1 Ranged Weapons
 + Level 2.4 Throwing
 + Level 2.4 Armour
 + Level 2.4 Dodging
 + Level 0.1 Stealth
 + Level 0.1 Shields
 + Level 0.1 Unarmed Combat
 + Level 2.6 Spellcasting
 + Level 0.1 Conjurations
 + Level 3.6 Hexes
 + Level 0.1 Summonings
 + Level 0.1 Necromancy
 + Level 0.1 Translocations
 + Level 0.1 Transmutations
 + Level 7.0 Fire Magic
 + Level 0.1 Ice Magic
 + Level 0.1 Air Magic
 + Level 0.1 Earth Magic
 + Level 0.1 Poison Magic
 + Level 0.2 Invocations
 + Level 0.1 Evocations


You had 4 spell levels left.
You knew the following spells:

 Your Spells              Type           Power      Damage    Failure   Level
a - Foxfire               Conj/Fire      40%        2x1d6     6%          1

Your spell library contained the following spells:

 Spells                   Type           Power      Damage    Failure   Level
 Slow                     Hex            40%        N/A       6%          1
 Tukima's Dance           Hex            10%        N/A       17%         3
 Ignite Poison            Fire/Tmut/Pois 7%         N/A       28%         3
 Sticky Flame             Conj/Fire      10%        2d3       52%         4


Dungeon Overview and Level Annotations

Branches:
Dungeon (1/15)

Altars:


Innate Abilities, Weirdness & Mutations

You have very sharp teeth.
Your uncanny sense of smell can sniff out nearby items.
Your experience applies equally to all skills.


Message History

The endoplasm is heavily wounded.
The jackal barely misses you.
The jackal bites you but does no damage.
Your foxfire dissipates!
The jackal attacks as you move away! The jackal closely misses you.
The jackal attacks as you move away! The jackal closely misses you.
The foxfire hits the jackal.
The jackal is almost dead.
Unknown command.
You throw a boomerang.
The boomerang closely misses the jackal.
The jackal misses you.
You throw a boomerang. The boomerang barely misses the jackal.
The jackal bites you.
You throw a boomerang.
The boomerang hits the jackal and shatters for extra damage!
You kill the jackal!
The endoplasm misses you.
You throw a boomerang.
The boomerang barely misses the endoplasm.
The endoplasm closely misses you.
You throw a boomerang. The boomerang hits the endoplasm.
The endoplasm is severely wounded.
The endoplasm freezes you.
You are frozen.
You throw a boomerang.
The boomerang hits the endoplasm but does no damage.
The endoplasm is severely wounded.
The endoplasm freezes you.
You are frozen.
You are too injured to fight recklessly!
You hit the endoplasm but do no damage.
The endoplasm is severely wounded.
The endoplasm hits you.
* * * LOW HITPOINT WARNING * * *
You hit the endoplasm but do no damage.
The endoplasm is severely wounded.
The endoplasm freezes you.
You are frozen.
You die...

§≈≈......<......≈≈≈
#§#.............#≈#
.
#.............##..
#.............# .#
##...........##∆
##.........##
##.......##
####.#######..
#..@#.......
.....#.#JJ..†...
......#.h...####
###.#.....#.#
#..#...## ..
#.....#. ...
##.####. .. .. . .
## ..


You could see 2 endoplasms and a jackal.

Vanquished Creatures
  3 jackals (D:1)
3 creatures vanquished.

Vanquished Creatures (others)
  A foxfire (D:1)
1 creature vanquished.

Grand Total: 4 creatures vanquished

Notes
Turn   | Place    | Note
-------+----------+-------------------------------------------
     0 | D:1      | drewk1942 the Gnoll Wanderer began the quest for the Orb.
     0 | D:1      | drewk1942 set off with the following items: a +0 dagger, 7
                  | boomerangs, a scroll of silence, a +0 robe; and the
                  | following spells available to memorise: Foxfire, Slow,
                  | Tukima's Dance, Ignite Poison, Sticky Flame.
     0 | D:1      | Reached XP level 1. HP: 13/13 MP: 4/4
     2 | D:1      | Learned a level 1 spell: Foxfire
    47 | D:1      | Frozen to death by an endoplasm

Illustrated notes

Levels and vault maps discovered:
D:1:      psy_arrival_dodecagon, layout_basic,
          dreamdust_ecumenical_altar_sealed_demon

Action                     || total
---------------------------++-------
  Melee: Dagger            ||     2
  Throw: Boomerang         ||    14
   Cast: Foxfire           ||     2
 Armour: Robe              ||     1
  Dodge: Dodged            ||     8
